Map: Sanctuary III LE

Players

ratgameplay (uThermal)

  • Race: Terran Terran
  • League: Grandmaster
  • Spawn Location: 1:00

Serral - Winner!

  • Race: Zerg Zerg
  • League: Master
  • Spawn Location: 7:00

VOD

Have the link to the VOD?

Description

Time

  • Played on: July 4, 2026, 8:33 a.m.
  • Length: 6:26
Show
View Real Time Build Order
Export as new Build Order

ratgameplay Terran 

Build Orders:  

Get SALT Encoding   

  8  0:00  SCV  
  9  0:12  SCV  
  10  0:24  SCV  
  11  0:29  Supply Depot  
  11  0:36  SCV  
  12  0:55  Barracks  
  12  1:09  Barracks  
  12  1:13  SCV  
  13  1:26  SCV  
  14  1:42  Marine, Orbital Command  
  15  1:56  Marine  
  15  1:59  Marine  
  17  2:13  Bunker x2  
  17  2:16  Bunker  
  17  2:18  Marine  
  17  2:21  Marine  
  19  2:32  Supply Depot  
  19  2:33  SCV  
  19  2:36  Marine  
  21  2:52  Refinery  
  21  2:53  Refinery, Marine  
  21  2:54  SCV  
  21  2:57  Marine  
  24  3:06  SCV  
  24  3:11  Marine  
  24  3:12  Supply Depot  
  26  3:20  SCV  
  27  3:34  Barracks Tech Lab  
  24  3:36  SCV  
  22  3:43  Barracks Tech Lab  
  22  3:48  SCV  
  22  3:53  Concussive Shells, Marauder  
  25  4:00  SCV  
  25  4:02  Marauder  
  27  4:13  Stimpack  
  27  4:14  Marauder  
  29  4:24  Marauder  
  29  4:32  SCV  
  29  4:36  Marauder  
  29  4:38  Supply Depot  
  32  4:45  Marauder  
  34  4:50  SCV  
  35  4:57  Marauder  
  37  5:00  Factory  
  37  5:06  Marauder  
  39  5:15  SCV  
  39  5:19  Marauder  
  42  5:28  Marauder  
  44  6:04  Marauder  
  45  6:05  Marauder  
Show
View Real Time Build Order
Export as new Build Order

Serral Zerg - Winner!

Build Orders: Hatch First 

Get SALT Encoding   

  8  0:00  Drone  
  9  0:09  Drone  
  10  0:22  Overlord  
  10  0:28  Drone  
  11  0:40  Drone  
  11  0:41  Drone  
  13  0:44  Drone  
  14  0:53  Drone  
  15  1:03  Drone  
  16  1:14  Drone  
  17  1:21  Hatchery  
  16  1:28  Drone  
  17  1:36  Spawning Pool  
  16  1:40  Drone  
  16  1:44  Drone  
  18  1:48  Extractor  
  18  1:52  Drone  
  18  2:02  Drone  
  19  2:13  Overlord  
  19  2:26  Queen  
  19  2:27  Roach Warren  
  19  2:29  Extractor  
  19  2:30  Drone  
  19  2:34  Drone  
  21  2:41  Overlord  
  26  3:08  Roach  
  26  3:10  Roach  
  26  3:12  Roach  
  29  3:13  Roach  
  31  3:20  Evolution Chamber  
  31  3:25  Roach  
  28  3:38  Roach  
  28  3:46  Ravager  
  29  3:50  Roach  
  28  3:57  Ravager  
  28  3:58  Roach  
  28  4:01  Ravager  
  32  4:09  Drone x2  
  34  4:14  Drone  
  35  4:17  Drone  
  36  4:27  Overlord  
  36  4:39  Drone, Metabolic Boost  
  36  4:42  Drone  
  38  4:46  Drone  
  38  4:52  Zergling x2  
  40  4:53  Zergling x2  
  40  4:55  Ravager  
  42  5:01  Overlord  
  42  5:06  Zergling x2  
  43  5:08  Zergling x2  
  43  5:12  Ravager  
  45  5:16  Zergling x2  
  45  5:20  Overlord  
  46  5:24  Zergling x2  
  46  5:27  Ravager  
  48  5:32  Zergling x4  
  50  5:39  Zergling x4  
  52  5:47  Ravager  
  52  5:49  Zergling x6  
  55  5:54  Zergling x2  
  56  5:59  Zergling x2  
  56  6:00  Zergling x2  
  58  6:05  Zergling x2  
  58  6:06  Zergling x2  
Tags
 
Add a new tag
Caveats
  • Supply blocks, unpowered buildings, or Contaminate may cause inaccurate times.
  • Supply counts are checked every 10 seconds.